 Dungeon Crawl Stone Soup version 0.31-a0-1005-gfbdfbacc72 (webtiles) character file.

Game seed: 12793088604386589583

8118 Monkfish the Unseen (level 11, 0/65 HPs)
             Began as a Kobold Monk on Nov 11, 2023.
             Was an Elder of Dithmenos.
             Slain by a cane toad (20 damage)
             ... on level 1 of the Lair of Beasts.
             The game lasted 00:30:43 (13332 turns).

Monkfish the Unseen (Kobold Monk)                  Turns: 13332, Time: 00:30:45

Health: 0/65       AC:  8    Str: 11    XL:     11   Next: 49%
Magic:  11/11      EV: 27    Int: 11    God:    Dithmenos [****..]
Gold:   774        SH:  0    Dex: 26    Spells: 10/10 levels left

rFire   . . .        C - +0 dagger (elec)
rCold   . . .        (no shield)
rNeg    . . .        n - +0 steam dragon scales
rPois   .            q - +0 hat
rElec   .            r - +0 cloak
rCorr   .            y - +0 pair of gloves
SInv    .            (no boots)
Will    .....        l - amulet of the acrobat Stlth **++++++++
                     o - +5 ring of evasion
HPRegen 0.30/turn    t - +6 ring of dexterity
MPRegen 0.12/turn

%: acrobat
@: lethally poisoned (0 -> -17), wreathed by umbra
A: small, no large weapons, nightstalker 3
a: Renounce Religion, Shadow Step


You were on level 1 of the Lair of Beasts.
You worshipped Dithmenos.
Dithmenos was greatly pleased with you.
You visited 3 branches of the dungeon, and saw 12 of its levels.
You also visited: Sewer and Ossuary.

You collected 774 gold pieces.

Inventory:

Hand Weapons
 B - the +0 dagger of Gatolofyce {antimagic, Str+4 Dex+3 Stlth+}
   (You acquired it on level 7 of the Dungeon)

   Str+4:     It affects your strength (+4).
   Dex+3:     It affects your dexterity (+3).
   Stlth+:    It makes you more stealthy.
 C - a +0 dagger of electrocution (weapon)
Armour
 d - an orb of light
 g - a +3 leather armour
 n - +0 steam dragon scales (worn)
 q - a +0 hat (worn)
 r - a +0 cloak (worn)
 u - a +0 leather armour of fire resistance
 x - a +2 scale mail of poison resistance
 y - a +0 pair of gloves (worn)
Jewellery
 j - a +4 ring of protection
 l - an amulet of the acrobat (around neck)
 o - a +5 ring of evasion (left hand)
 t - a +6 ring of dexterity (right hand)
Scrolls
 a - 2 scrolls of fear
 b - a scroll of vulnerability
 h - 3 scrolls of teleportation
 i - a scroll of identify
 m - 3 scrolls of immolation
Potions
 c - a potion of ambrosia
 e - 5 potions of curing
 f - 2 potions of brilliance
 k - 2 potions of lignification
 p - 4 potions of enlightenment
 s - a potion of cancellation
 w - a potion of attraction
 z - a potion of magic


   Skills:
 + Level 6.3 Fighting
 - Level 10.0 Short Blades
 * Level 6.3 Armour
 + Level 7.6 Dodging
 * Level 15.2 Stealth
 * Level 3.5 Evocations


You had 10 spell levels left.
You didn't know any spells.
Your spell library contained the following spells:

 Spells                   Type           Power      Damage    Failure   Level
 Cigotuvi's Dreadful Rot  Necr/Pois/Air  0%         N/A       47%         2
 Ensorcelled Hibernation  Hex/Ice        0%         N/A       47%         2
 Passwall                 Tmut/Erth      0%         N/A       47%         2
 Poisonous Vapours        Pois/Air       0%         N/A       47%         2
 Ignite Poison            Fire/Tmut/Pois 0%         N/A       71%         3
 Mephitic Cloud           Conj/Pois/Air  0%         N/A       71%         3
 Swiftness                Air            0%         N/A       71%         3
 Brom's Barrelling Bould  Conj/Erth      0%         2d3       98%         4
 Fireball                 Conj/Fire      0%         3d3       100%        5
 Freezing Cloud           Conj/Ice/Air   0%         6-21      100%        5
 Iskenderun's Battlesphe  Conj           0%         2d6       100%        5
 Conjure Ball Lightning   Conj/Air       0%         3x3d6     100%        6
 Orb of Destruction       Conj           0%         9d5       100%        7


Dungeon Overview and Level Annotations

Branches:
Dungeon (10/15)            Temple (1/1) D:4            Lair (1/5) D:9
    Orc (0/2) D:10          Sewer (visited)         Ossuary (visited)

Altars:
Ashenzari
Cheibriados
Dithmenos
Elyvilon
Fedhas
Gozag
Hepliaklqana
Kikubaaqudgha
Makhleb
Nemelex Xobeh
Okawaru
Qazlal
Ru
Sif Muna
Trog
Uskayaw
Vehumet
Wu Jian
Xom
Yredelemnul
Zin
The Shining One

Annotations:
D:2 Natasha, Sigmund
D:9 3 runed translucent doors, exclusions: 3 doors and 4 more exclusions
D:10 Gastronok


Innate Abilities, Weirdness & Mutations

You are small and have problems with some larger weapons.
You are completely attuned to the shadows.


Message History

The cane toad is heavily wounded.
You barely miss the cane toad.
The cane toad is heavily wounded.
Your shadow hits the cane toad but does no damage.
The cane toad barely misses you. The cane toad stings you!
You hit the cane toad.
The cane toad is heavily wounded.
The cane toad closely misses you. The cane toad stings you.
You hit the cane toad but do no damage.
The cane toad is heavily wounded.
You hit the cane toad but do no damage.
The cane toad is heavily wounded.
The cane toad stings you. The cane toad closely misses you.
You hit the cane toad but do no damage.
The cane toad is heavily wounded.
You closely miss the cane toad.
The cane toad is heavily wounded.
The cane toad stings you but does no damage.
The cane toad barely misses you.
You hit the cane toad.
The cane toad is heavily wounded.
The cane toad barely misses you. The cane toad completely misses you.
You hit the cane toad but do no damage.
Lightning courses through the cane toad!
You punch the cane toad, but do no damage.
The cane toad is severely wounded.
You hit the cane toad but do no damage.
Lightning courses through the cane toad!!
You kill the cane toad!
Dithmenos accepts your kill. The cane toad stings you!
You are poisoned.
The cane toad poisons you!
Aiming: Shadow Step
Press: ? - help, Dir - move target, f - cane toad
Aim: a cane toad (umbra)
You fail to use your ability.
You feel very sick. The cane toad stings you!!
You die...

####..#### ###..#*** *,,,
#####..#### #...# *##****,,*
#.###..##.#*##...#######PP,**,,,,
...........,..............,,,,,,,
...........,..............,,,,,,*
####P#####,,##.#####......,,,,,,,
# ### **,,,##* ##.....,,,,,,*
*********,,,##P######.....,,,,,,*
,,,,,,,,,,,,...†@.........,,,,,,,
,,,,,,,,,,,,...F..........,,,,,,*
**,,********#..######P###.****,,*
*,,,,*** #..*****###**** *,,*
*,,,*,,*****#.,**,**,**,*,****,,*
,,,,,,,,,,,,,,,,,,,,,,,,,,,,,,,,*
,,,,,,,,,,,,,,,,,,,,,,,,,,,,,,,,*
*****,,,********,*,,*******,*,,,*
******,,**,*******,,******,***,,*


You could see a cane toad.

Vanquished Creatures
  A boulder beetle (D:8)
  A two-headed ogre (D:9)
  3 cane toads (Lair:1)
  2 kobold demonologists (D:9)
  A komodo dragon (D:9)
  A troll (D:10)
  A wyvern (D:7)
  3 yaks (D:9)
  2 vampire mosquitoes (D:10)
  A steam dragon (D:10)
  Edmund (D:6)
  3 water moccasins
  A black bear (D:4)
  2 ice beasts (D:6)
  2 ogres (D:7)
  5 orc warriors
  5 centaurs
  An elf zombie (Ossuary)
  A phantom (D:4)
  3 kobold brigands
  2 bullfrogs
  3 scorpions
  8 wights
  5 howler monkeys
  A sleepcap (D:7)
  2 hounds (D:5)
  9 orc priests
  A gnoll bouda (D:5)
  3 iguanas
  Natasha (D:2)
  10 orc wizards
  2 mummies (Ossuary)
  8 gnolls
  6 adders
  A river rat (Sewer)
  2 shadow imps
  A white imp (D:7)
  4 ufetubi
  3 worms
  A dart slug (D:3)
  34 orcs
  14 ball pythons
  12 endoplasms
  2 giant cockroaches
  3 gnoll zombies (Ossuary)
  4 goblins
  9 hobgoblins
  7 jackals
  6 quokkas
  8 bats
  4 frilled lizards
  2 goblin zombies (Ossuary)
  4 hobgoblin zombies (Ossuary)
  12 kobolds
  4 orc zombies (Ossuary)
  10 rats
248 creatures vanquished.

Notes
Turn   | Place    | Note
-------+----------+-------------------------------------------
     0 | D:1      | Monkfish the Kobold Monk began the quest for the Orb.
     0 | D:1      | Reached XP level 1. HP: 14/14 MP: 1/1
   145 | D:1      | Reached XP level 2. HP: 18/19 MP: 2/2
   295 | D:1      | Reached XP level 3. HP: 8/23 MP: 3/3
   399 | D:1      | Reached skill level 1 in Stealth
   783 | D:2      | Reached skill level 5 in Short Blades
   783 | D:2      | Reached XP level 4. HP: 28/28 MP: 4/4
  1144 | D:2      | Noticed Sigmund
  1146 | D:2      | Noticed Natasha
  1623 | D:3      | Reached skill level 2 in Stealth
  1852 | D:3      | Found a shimmering altar of Xom.
  1859 | D:3      | Found a radiant altar of Vehumet.
  1957 | D:3      | Reached skill level 3 in Stealth
  1957 | D:3      | Reached XP level 5. HP: 33/33 MP: 5/5
  2909 | D:4      | Noticed a black bear
  2932 | D:4      | Killed a black bear
  2933 | D:4      | Reached skill level 4 in Stealth
  2933 | D:4      | Reached XP level 6. HP: 11/38 MP: 6/6
  3105 | D:4      | Reached skill level 5 in Stealth
  3105 | D:4      | Found a hide-covered altar of Uskayaw.
  3117 | D:4      | Reached skill level 1 in Armour
  3214 | D:4      | Reached skill level 6 in Stealth
  3381 | D:4      | Reached XP level 7. HP: 40/42 MP: 7/7
  3590 | D:4      | Found a staircase to the Ecumenical Temple.
  3601 | Temple   | Entered the Ecumenical Temple
  3673 | Temple   | Became a worshipper of Dithmenos the Shadowed
  3673 | Temple   | Reached * piety under Dithmenos
  3673 | Temple   | Reached ** piety under Dithmenos
  3942 | D:2      | Killed Natasha
  4029 | D:2      | Noticed Natasha
  4181 | D:5      | Entered Level 5 of the Dungeon
  4198 | D:5      | Found a sand-covered staircase.
  4205 | Ossuary  | Entered an ossuary
  4483 | D:5      | Reached skill level 7 in Stealth
  4559 | D:5      | Found a glowing drain.
  4573 | Sewer    | Entered a sewer
  4671 | Sewer    | Reached XP level 8. HP: 44/48 MP: 8/8
  4796 | Sewer    | Found a glowing silver altar of Zin.
  5082 | D:5      | Reached skill level 8 in Stealth
  5392 | D:5      | Reached *** piety under Dithmenos
  5843 | D:6      | Reached skill level 5 in Dodging
  5946 | D:6      | Reached skill level 9 in Stealth
  6009 | D:6      | Noticed Edmund
  6013 | D:6      | Killed Edmund
  6212 | D:6      | Reached skill level 10 in Stealth
  6212 | D:6      | Reached XP level 9. HP: 52/52 MP: 9/9
  6994 | D:7      | Reached skill level 11 in Stealth
  7527 | D:7      | Reached skill level 5 in Fighting
  7647 | D:7      | Reached skill level 12 in Stealth
  7976 | D:7      | Reached **** piety under Dithmenos
  8013 | D:7      | Reached XP level 10. HP: 59/59 MP: 10/10
  8270 | D:7      | Identified a scroll of acquirement
  8270 | D:7      | Acquired the +0 dagger of Gatolofyce {antimagic, Str+4
                  | Dex+3 Stlth+}
  8593 | D:8      | Reached skill level 10 in Short Blades
  8710 | D:8      | Noticed a boulder beetle
  8714 | D:8      | Killed a boulder beetle
  8715 | D:8      | Reached skill level 13 in Stealth
  8815 | D:8      | Found an ancient bone altar of Kikubaaqudgha.
  9945 | D:9      | Noticed a kobold demonologist
  9948 | D:9      | Noticed a kobold demonologist
  9951 | D:9      | Noticed an ice devil
 10112 | D:9      | Found a runed translucent gate.
 10112 | D:9      | Found a runed translucent gate.
 10112 | D:9      | Found a runed translucent gate.
 10422 | D:9      | Reached skill level 14 in Stealth
 10479 | D:9      | Noticed a komodo dragon
 10480 | D:9      | Reached skill level 1 in Evocations
 10556 | D:9      | Found a staircase to the Lair.
 10878 | D:9      | Noticed a two-headed ogre
 10903 | D:8      | Reached skill level 5 in Armour
 11158 | D:9      | Killed a two-headed ogre
 11159 | D:9      | Reached XP level 11. HP: 64/64 MP: 3/11
 11830 | D:10     | Entered Level 10 of the Dungeon
 11946 | D:10     | Found a staircase to the Orcish Mines.
 12222 | D:10     | Noticed a two-headed ogre
 12233 | D:10     | a two-headed ogre changed into a cyclops
 12233 | D:10     | Noticed a cyclops
 12234 | D:10     | a cyclops changed into an eye of devastation
 12905 | D:10     | Reached skill level 15 in Stealth
 13119 | D:10     | Noticed Gastronok
 13123 | D:10     | Found an opulent altar of Gozag.
 13260 | Gauntlet | Identified the "Geotzah"
 13260 | Lair:1   | Entered Level 1 of the Lair of Beasts
 13332 | Lair:1   | Slain by a cane toad

Illustrated notes

Levels and vault maps discovered:
D:1:      minmay_arrival_three_doors, layout_rooms, serial_glass,
          glass_columns_a, glass_columns_a, st_stairs_11
D:2:      layout_loops_ring, uniq_sigmund, uniq_natasha
D:3:      layout_rooms, grunt_temple_overflow_open
D:4:      layout_rooms, eat_drink_and_be_merry_uskayaw,
          minmay_temple_entry_fiery
D:5:      layout_gridville, mainiacjoe_sewer_entry_somewhere_in_here_2,
          nicolae_ossuary_entry_ruins
D:6:      layout_rooms, uniq_edmund
D:7:      layout_loops_corners, serial_demonic, serial_demonic_c,
          serial_demonic_e, serial_demonic_e, serial_demonic_b, serial_demonic_b
D:8:      layout_basic, lemuel_zombie_altar_kikubaaqudgha,
          eino_small_chamber_without_monster, hangedman_decor_lopped,
          roderic_serpentine_path
D:9:      layout_gridville, david_lair_shrubbed, gammafunk_ghost_spectres,
          corner_web_ring
D:10:     layout_gridville, overflow_temple_1_default, orc_0_dummy,
          kennysheep_flooded_box, uniq_gastronok
Temple:   minmay_temple_bridge_d
Lair:1:   layout_long_grid, portal_ice_cave_entry_pillars_1, uniq_harold

Skill      XL: |  1  2  3  4  5  6  7  8  9 10 11 |
---------------+----------------------------------+-----
Dodging        | 4 5 6 7 |  7.6
Stealth        | 1 3 4 6 7 10 12 14 15 | 15.2
Short Blades   | 5 6 7 8 9 10 | 10.0
Armour         | 1 2 3 5 6 |  6.3
Fighting       | 4 5 6 |  6.3
Evocations     | 2 3 |  3.5

Action                     |  1- 3 |  4- 6 |  7- 9 | 10-12 || total
---------------------------+-------+-------+-------+-------++-------
  Melee: Short sword       |   119 |   153 |   349 |       ||   621
         Punch             |       |     1 |     6 |    11 ||    18
         Dagger            |       |       |   152 |   631 ||   783
  Evoke: Wand              |       |     1 |     1 |    15 ||    17
    Use: Scroll            |     3 |     7 |     5 |    10 ||    25
         Potion            |       |       |       |     4 ||     4
   Stab: Sleeping          |    10 |    19 |    40 |    24 ||    93
         Distracted        |       |     2 |       |       ||     2
         Paralysed         |       |       |       |     5 ||     5
 Armour: Robe              |    22 |       |       |       ||    22
         Leather armour    |    10 |    56 |       |       ||    66
         Ring mail         |       |    10 |    96 |       ||   106
         Scale mail        |       |       |    49 |   192 ||   241
         Steam dragon scal |       |       |       |     7 ||     7
  Dodge: Dodged            |    72 |   147 |   292 |   443 ||   954

Table legend: (Time is in decaauts)
 A = Elapsed time spent in this place.
 B = Non-inter-level travel time spent in this place.
 C = Inter-level travel time spent in this place.
 D = Time resting spent in this place.
 E = Time spent auto-exploring this place.
 F = Levels seen in this place.
 G = Mean time per level.
                   A        B        C        D        E       F      G
               +--------+--------+--------+--------+--------+-----+--------+
         Total |  12804 |  11686 |   1118 |   2163 |   6091 |  14 |  914.6 |
       Dungeon |  12076 |  11099 |    977 |   2163 |   5765 |  10 | 1207.6 |
        Temple |    145 |      4 |    141 |      0 |      0 |   1 |  145.0 |
          Lair |     57 |     57 |      0 |      0 |     33 |   1 |   57.0 |
         Sewer |    281 |    281 |      0 |      0 |    195 |   1 |  281.0 |
       Ossuary |    243 |    243 |      0 |      0 |     98 |   1 |  243.0 |
               +--------+--------+--------+--------+--------+-----+--------+

Top non-repeatable levels by time:
     D:8: 2066 daAuts
     D:9: 1641 daAuts
     D:4: 1464 daAuts
     D:5: 1394 daAuts
     D:7: 1320 daAuts
     D:1: 984 daAuts
    D:10: 975 daAuts
     D:2: 845 daAuts
     D:6: 701 daAuts
     D:3: 683 daAuts
   Sewer: 281 daAuts
 Ossuary: 243 daAuts
  Temple: 145 daAuts
  Lair:1: 57 daAuts
